 Dungeon Crawl Stone Soup version 0.29-a0-495-g17b79114eb (webtiles) character file.

Game seed: 7379460060675087780

4594 happo123 the Covert (level 10, -3/59 HPs)
             Began as a Kobold Enchanter on May 27, 2022.
             Was an Elder of Fedhas.
             Succumbed to a killer bee's poison
             ... on level 9 of the Dungeon.
             The game lasted 00:44:48 (9820 turns).

happo123 the Covert (Kobold Enchanter)              Turns: 9820, Time: 00:44:49

Health: -3/59      AC:  8    Str:  6    XL:     10   Next: 68%
Magic:  16/18      EV: 17    Int: 23    God:    Fedhas [****..]
Gold:   315        SH:  0    Dex: 15    Spells: 9/20 levels left

rFire   . . .      SeeInvis .   D - +2 double sword (flame)
rCold   + . .      Faith    .   (shield currently unavailable)
rNeg    . . .      Spirit   .   N - +0 steam dragon scales
rPois   .          Reflect  .   M - +0 helmet of the Poles {Int+2}
rElec   .          Harm     .   f - +0 cloak
rCorr   +          Rampage  .   (no gloves)
Will    .....                   h - +0 pair of boots
Stlth   +++++.....              O - amulet of magic regeneration
HPRegen 0.19/turn               l - ring of resist corrosion
MPRegen 0.56/turn               F - ring of protection from cold

@: lethally poisoned (-3 -> -13)
A: small, no large weapons, nightstalker 3
a: Renounce Religion, Wall of Briars, Grow Ballistomycete, Overgrow


You were on level 9 of the Dungeon.
You worshipped Fedhas.
Fedhas was greatly pleased with you.
You visited 2 branches of the dungeon, and saw 10 of its levels.

You collected 360 gold pieces.
You spent 45 gold pieces at shops.

Inventory:

Hand Weapons
 a - a +1 dagger
 i - a +1 dagger of venom
 A - a +0 shortbow
 D - a +2 double sword of flaming (weapon)
 Q - a +5 hand axe of freezing
 R - the +6 trident of the Zealous God {vorpal, rF+ Str-2 Dex+6 SInv}
   (You found it on level 8 of the Dungeon)

   It inflicts extra damage upon your enemies.
   Str:       It affects your strength (-2).
   Dex:       It affects your dexterity (+6).
   rF:        It protects you from fire.
   SInv:      It lets you see invisible.
Armour
 b - a +0 robe
 f - a +0 cloak (worn)
 h - a +0 pair of boots (worn)
 m - a +4 scale mail of willpower
 M - the +0 helmet of the Poles (worn) {Int+2}
   (You found it on level 7 of the Dungeon)

   Int:       It affects your intelligence (+2).
 N - +0 steam dragon scales (worn)
Jewellery
 l - a ring of resist corrosion (left hand)
 F - a ring of protection from cold (right hand)
 O - an amulet of magic regeneration (around neck)
Wands
 q - a wand of polymorph (12)
 E - a wand of flame (21)
Scrolls
 d - 4 scrolls of identify
 e - 4 scrolls of fog
 j - a scroll of immolation {unknown}
 n - a scroll of poison {unknown}
 o - 3 scrolls of enchant weapon
 p - 2 scrolls of summoning {unknown}
 r - 5 scrolls of teleportation
 s - 2 scrolls of fear {unknown}
 u - a scroll of enchant armour {unknown}
 x - 3 scrolls of magic mapping
 y - 2 scrolls of vulnerability
 z - 2 scrolls of torment {unknown}
 G - 2 scrolls of amnesia {unknown}
 J - a scroll of brand weapon {unknown}
 L - a scroll of noise {unknown}
Potions
 c - a potion of invisibility
 g - a potion of heal wounds
 k - a potion of attraction {unknown}
 t - 5 potions of curing
 v - 2 potions of degeneration {unknown}
 w - 3 potions of lignification
 B - 3 potions of brilliance
 C - 3 potions of might
 H - a potion of resistance
 I - 2 potions of flight {unknown}
 K - a potion of mutation {unknown}
 P - a potion of cancellation {unknown}


   Skills:
 + Level 5.3 Fighting
 + Level 6.6 Short Blades
 + Level 6.4 Dodging
 + Level 8.2 Stealth
 + Level 5.5 Spellcasting
 * Level 7.8 Hexes
 * Level 7.2 Invocations


You had 9 spell levels left.
You knew the following spells:

 Your Spells              Type           Power      Damage    Failure   Level
a - Ensorcelled Hibernat  Hex/Ice        48%        N/A       2%          2
b - Tukima's Dance        Hex            42%        N/A       1%          3
c - Confusing Touch       Hex            42%        N/A       1%          3
d - Dazzling Flash        Conj/Hex       48%        N/A       5%          3

Your spell library contained the following spells:

 Spells                   Type           Power      Damage    Failure   Level
 Apportation              Tloc           12%        N/A       9%          1
 Magic Dart               Conj           24%        1d4       9%          1
 Necrotize                Necr           24%        1d5       9%          1
 Summon Small Mammal      Summ           24%        N/A       9%          1
 Searing Ray              Conj           12%        2d4       14%         2
 Sublimation of Blood     Necr           6%         N/A       14%         2
 Fulminant Prism          Conj/Hex       12%        3d9       19%         4
 Gell's Gravitas          Tloc           6%         N/A       26%         3
 Teleport Other           Tloc           6%         N/A       26%         3
 Airstrike                Air            3%         N/A       65%         4
 Petrify                  Tmut/Erth      6%         N/A       65%         4
 Summon Lightning Spire   Summ/Air       6%         N/A       65%         4
 Alistair's Intoxication  Tmut/Pois      4%         N/A       94%         5
 Irradiate                Conj/Tmut      3%         3d14      94%         5
 Lightning Bolt           Conj/Air       3%         1d14      94%         5
 Dispersal                Tloc           3%         N/A       100%        6


Dungeon Overview and Level Annotations

Branches:
Dungeon (9/15)             Temple (1/1) D:7
   Lair: D:8-11         Orc: D:9-12

Altars:
Ashenzari
Cheibriados
Dithmenos
Elyvilon
Fedhas
Gozag
Hepliaklqana
Kikubaaqudgha
Makhleb
Nemelex Xobeh
Okawaru
Qazlal
Ru
Sif Muna
Uskayaw
Vehumet
Wu Jian
Xom
Yredelemnul
Zin
The Shining One

Shops:
D:8 *


Innate Abilities, Weirdness & Mutations

You are small and have problems with some larger weapons.
You are completely attuned to the shadows.


Message History

Press: ? - help, Dir - look around, f - activate The killer bee is dazzled. x3
You feel very sick. The killer bee closely misses you.
The killer bee stings you!
You are more poisoned.
The killer bee poisons you!
A killer bee comes into view.
The killer bee closely misses you. x3; The killer bee stings you.
You catch the helpless killer bee completely off-guard!
You slash the killer bee! You burn the killer bee.
You kill the killer bee!
Fedhas appreciates your contribution to the ecosystem.
You feel very sick. The killer bee stings you. The killer bee misses you.
The killer bee closely misses you. The killer bee stings you.
You are lethally poisoned!
The killer bee poisons you! The killer bee closely misses you.
The killer bee barely misses you.
The killer bee buzzes angrily.
* * * LOW HITPOINT WARNING * * *
You feel very sick. The killer bee barely misses you.
The killer bee misses you. The killer bee barely misses you.
* * * LOW HITPOINT WARNING * * *
You feel very sick. The killer bee misses you.
A briar patch grows up from the ground. x2
* * * LOW HITPOINT WARNING * * *
You feel very sick. The killer bee stings you.
* * * LOW HITPOINT WARNING * * *
The killer bee misses you.
The killer bee stings you but does no damage.
The killer bee misses you. The killer bee completely misses you.
The killer bee misses you.
You walk carefully through the plants.
The killer bee attacks as you move away!
The killer bee barely misses you.
You die...
Fedhas appreciates your contribution to the ecosystem.

.......#.# .........#
≈≈.....### ≈..#....#
#..... ...##...#
###.... ........#
...... ......<>#####
.....######.....#......
......y.@.........####.
....y.yyP.........####.
............#.#.#......
............#.#.#..####
...........##.#...†#
...........##...##.#
####......##.#.##.#
#.........#.##.#
.......#......


You could see 4 killer bees.

Vanquished Creatures
  Grinder (D:6)
  Sigmund (D:5)
  A yak (D:5)
  A wyvern (D:6)
  2 steam dragons
  Menkaure (D:5)
  2 water moccasins
  Duvessa (D:5)
  2 ice beasts
  A sky beast (D:7)
  3 black bears
  2 ogres
  2 centaurs
  2 phantoms
  Blork the orc (D:6)
  A bullfrog (D:6)
  6 scorpions
  3 necrophages
  3 wights (D:8)
  Dowan (D:5)
  4 killer bees (D:9)
  3 howler monkeys
  2 jellies
  A gnoll shaman (D:6)
  9 hounds
  Terence (D:2)
  6 iguanas
  2 orc wizards (D:8)
  6 adders
  15 gnolls
  3 white imps
  2 ufetubi
  A worm (D:4)
  2 dart slugs
  18 orcs
  6 ball pythons
  3 endoplasms
  3 giant cockroaches
  17 hobgoblins
  7 jackals
  7 quokkas
  4 bats
  6 frilled lizards
  8 goblins
  5 kobolds
  4 rats
182 creatures vanquished.

Vanquished Creatures (collateral kills)
  A gnoll sergeant (D:8)
  A wight (D:8)
  3 gnolls
  A shadow imp (D:6)
  3 orcs (D:8)
9 creatures vanquished.

Vanquished Creatures (others)
  3 withered plants (D:1)
3 creatures vanquished.

Grand Total: 194 creatures vanquished

Notes
Turn   | Place    | Note
-------+----------+-------------------------------------------
     0 | D:1      | happo123 the Kobold Enchanter began the quest for the Orb.
     0 | D:1      | Reached XP level 1. HP: 10/10 MP: 3/3
   355 | D:1      | Reached XP level 2. HP: 16/16 MP: 5/5
   358 | D:1      | Learned a level 2 spell: Ensorcelled Hibernation
  1049 | D:1      | Reached XP level 3. HP: 20/20 MP: 3/6
  1190 | D:1      | Found a faded altar of an unknown god.
  1407 | D:1      | Learned a level 3 spell: Tukima's Dance
  1427 | D:2      | Reached skill level 1 in Fighting
  1745 | D:2      | Found a blossoming altar of Fedhas.
  1814 | D:2      | Reached XP level 4. HP: 25/25 MP: 7/7
  2732 | D:2      | Noticed Terence
  2740 | D:2      | Killed Terence
  2741 | D:2      | Reached XP level 5. HP: 15/29 MP: 3/9
  2973 | D:2      | Became a worshipper of Fedhas Madash
  4041 | D:4      | Reached skill level 1 in Invocations
  4184 | D:4      | Reached XP level 6. HP: 35/35 MP: 5/10
  4188 | D:4      | Learned a level 3 spell: Confusing Touch
  4255 | D:4      | Reached * piety under Fedhas
  4411 | D:5      | Entered Level 5 of the Dungeon
  4418 | D:5      | Reached skill level 5 in Stealth
  4569 | D:5      | Reached XP level 7. HP: 20/40 MP: 1/11
  4734 | D:5      | Noticed a water moccasin
  4744 | D:5      | Killed a water moccasin
  4753 | D:5      | Noticed a yak
  4765 | D:5      | Reached skill level 5 in Hexes
  4774 | D:5      | Killed a yak
  4775 | D:5      | Reached XP level 8. HP: 6/46 MP: 2/13
  5421 | D:5      | Reached skill level 6 in Stealth
  5454 | D:5      | Reached ** piety under Fedhas
  5719 | D:5      | Reached XP level 9. HP: 52/52 MP: 15/15
  5723 | D:5      | Learned a level 3 spell: Dazzling Flash
  5844 | D:5      | Noticed Duvessa
  5845 | D:5      | Noticed Dowan
  5848 | D:5      | Killed Duvessa
  5859 | D:5      | Killed Dowan
  5913 | D:5      | Noticed Menkaure
  5916 | D:5      | Killed Menkaure
  5917 | D:5      | Reached skill level 5 in Dodging
  5941 | D:5      | Noticed Sigmund
  5943 | D:5      | Killed Sigmund
  5944 | D:5      | Reached skill level 5 in Short Blades
  5944 | D:5      | Reached skill level 5 in Invocations
  6246 | D:6      | Reached skill level 7 in Stealth
  6273 | D:6      | Noticed Blork the orc
  6277 | D:6      | Killed Blork the orc
  6291 | D:6      | Noticed Grinder
  6313 | D:6      | Killed Grinder
  6411 | D:6      | Reached XP level 10. HP: 58/58 MP: 17/17
  6617 | D:6      | Reached skill level 5 in Spellcasting
  7154 | D:7      | Found a staircase to the Ecumenical Temple.
  7173 | Temple   | Entered the Ecumenical Temple
  7641 | D:7      | Reached *** piety under Fedhas
  7801 | D:7      | Identified the +0 helmet of the Poles {Int+2}
  8000 | D:7      | Reached skill level 5 in Fighting
  8898 | D:8      | Reached skill level 8 in Stealth
  9183 | D:8      | Reached **** piety under Fedhas
  9460 | D:8      | Identified the +6 trident of the Zealous God {vorpal, rF+
                  | Str-2 Dex+6 SInv}
  9481 | D:8      | Found Yficlosch's General Store.
  9486 | D:8      | Bought a potion of curing for 45 gold pieces
  9819 | D:9      | HP: 1/59 [killer bee (6)]
  9820 | D:9      | Succumbed to a killer bee's poison

Illustrated notes

Levels and vault maps discovered:
D:1:      scummos_arrival_simple_crosswalls, layout_loops_corners,
          shapermc_ecumenical_altar_flowoftime
D:2:      minmay_razor_zed, layout_basic, basic_altar, uniq_terence
D:3:      layout_basic, kennysheep_nub, minmay_misc_feat_plants
D:4:      layout_cave_pools, minmay_crystal_water
D:5:      kennysheep_windowed_halls, layout_basic, uniq_menkaure, uniq_duvessa,
          uniq_sigmund
D:6:      layout_rooms, uniq_blork_the_orc, uniq_grinder
D:7:      corexii_shantytown, layout_basic, minmay_temple_entry_waves,
          minmay_misc_feat_pillars
D:8:      layout_cave_pools, serial_shops, nicolae_stop_n_shop_2
D:9:      layout_basic, erik_lair_dragon, minivault_13, uniq_grum, uniq_maggie
Temple:   kilobyte_greek_temple

Skill      XL: |  1  2  3  4  5  6  7  8  9 10 |
---------------+-------------------------------+-----
Fighting       | 1 2 3 4 5 |  5.3
Short Blades   | 2 3 4 5 6 |  6.6
Dodging        | 3 4 5 6 |  6.4
Hexes          | 4 5 7 |  7.8
Invocations    | 1 2 3 4 6 7 |  7.2
Stealth        | 5 6 7 8 |  8.2
Spellcasting   | 3 4 5 |  5.5

Action                   |  1- 3 |  4- 6 |  7- 9 | 10-12 || total
-------------------------+-------+-------+-------+-------++-------
Melee: Dagger            |    53 |    90 |    90 |   134 ||   367
       Punch             |       |     1 |     2 |     1 ||     4
       Double sword      |       |       |       |    32 ||    32
 Fire: Shortbow          |       |       |       |    10 ||    10
 Cast: Ensorcelled Hiber |     6 |    28 |    30 |    45 ||   109
       Confusing Touch   |       |     1 |     5 |     7 ||    13
       Tukima's Dance    |       |       |       |     7 ||     7
       Dazzling Flash    |       |       |       |     2 ||     2
Invok: Wall of Briars    |       |       |       |     4 ||     4
  Use: Scroll            |       |     2 |     3 |     4 ||     9
       Potion            |       |       |     1 |     1 ||     2
 Stab: Sleeping          |    20 |    31 |    34 |    50 ||   135
       Confused          |       |     2 |     6 |     5 ||    13
       Invisible         |       |       |     1 |     1 ||     2
Armor: Robe              |     7 |    15 |    23 |    15 ||    60
       Steam dragon scal |       |       |       |    32 ||    32
Dodge: Dodged            |    27 |    75 |    67 |   176 ||   345

Table legend: (Time is in decaauts)
 A = Elapsed time spent in this place.
 B = Non-inter-level travel time spent in this place.
 C = Inter-level travel time spent in this place.
 D = Time resting spent in this place.
 E = Time spent auto-exploring this place.
 F = Levels seen in this place.
 G = Mean time per level.
                   A        B        C        D        E       F      G
               +--------+--------+--------+--------+--------+-----+--------+
         Total |   9773 |   9137 |    636 |   1237 |   6275 |  10 |  977.3 |
       Dungeon |   9489 |   8924 |    565 |   1237 |   6065 |   9 | 1054.3 |
        Temple |    283 |    212 |     71 |      0 |    209 |   1 |  283.0 |
               +--------+--------+--------+--------+--------+-----+--------+

Top non-repeatable levels by time:
     D:5: 1735 daAuts
     D:2: 1603 daAuts
     D:1: 1405 daAuts
     D:7: 1195 daAuts
     D:8: 1074 daAuts
     D:6: 922 daAuts
     D:4: 703 daAuts
     D:3: 689 daAuts
  Temple: 283 daAuts
     D:9: 160 daAuts
